 Dungeon Crawl Stone Soup version 0.15-a0-1206-g3bad1a6 (webtiles) character file.

151 HungrySpirit the Poker (level 5, -24/38 HPs)
             Began as a Formicid Air Elementalist on June 1, 2014.
             Killed from afar by an orc (41 damage)
             ... with an exploding inner flame
             ... hexed by the player character
             ... on Level 3 of the Dungeon.
             The game lasted 00:05:18 (2417 turns).

HungrySpirit the Poker (Formicid Air Elementalist)  Turns: 2417, Time: 00:05:18

HP -24/38        AC  6     Str 14      XL: 5   Next: 60%
MP  11/11        EV  9     Int 14      God:
Gold 98          SH  0     Dex 11      Spells:  1 memorised,  7 levels left

rFire  . . .     SeeInvis +     e - +0,+2 spear (slay drac)
rCold  . . .     Clarity  .     i - +0 ring mail
rNeg   + . .     rCorr    .     (no shield)
rPois  .         rRot     .     (helmet unavailable)
rElec  .         Spirit   .     (no cloak)
SustAb .         Warding  .     n - +0 pair of gloves
rMut   .         Stasis   +     (no boots)
Gourm  .                        (no amulet)
MR     +....                    k - ring of positive energy
                                g - ring of protection from magic

@: somewhat resistant to hostile enchantments, very unstealthy
A: permanent stasis, dig shafts and tunnels, four strong arms, antennae 3
a: Dig, Shaft Self


You were on level 3 of the Dungeon.
You were very hungry.

You visited 1 branch of the dungeon, and saw 3 of its levels.

You collected 98 gold pieces.

Inventory:

Hand weapons
 e - a +0,+2 spear of dragon slaying (weapon)
Missiles
 d - 2 tomahawks (quivered)
Armour
 i - a +0 ring mail (worn)
 m - a +0 chain mail
 n - a +0 pair of gloves (worn)
Comestibles
 c - 2 bread rations
 f - 2 meat rations
 p - a slice of pizza
Scrolls
 l - a scroll of blinking
 o - 2 scrolls of remove curse
 x - 2 scrolls of immolation
Jewellery
 g - a ring of protection from magic (left hand)
 h - an uncursed amulet of rage {unknown}
 k - a ring of positive energy (right hand)
Potions
 j - a potion of degeneration {unknown}
 q - a potion of magic {unknown}
 r - 2 potions of curing {unknown}
 s - a potion of haste {unknown}
 t - a potion of flight {unknown}
 u - a potion of brilliance {unknown}
 v - a potion of poison {unknown}
 w - a potion of lignification {unknown}
Books
 b - a book of Air

   Spells                             Type                      Level
   *Shock                             Conjuration/Air              1
   Swiftness                          Charms/Air                   2
   Repel Missiles                     Charms/Air                   2
   Flight                             Charms/Air                   3
   Static Discharge                   Conjuration/Air              3
   Lightning Bolt                     Conjuration/Air              5


   Skills:
 - Level 2.0 Fighting
 * Level 4.3 Polearms
 - Level 1.7 Dodging
 - Level 2.4 Stealth
 - Level 2.1 Spellcasting
 - Level 0.8 Conjurations
 - Level 2.4 Air Magic


You had 7 spell levels left.
You knew the following spells:

 Your Spells              Type           Power        Failure   Level  Hunger
a - Shock                 Conj/Air       #...         17%         1    #......


Dungeon Overview and Level Annotations

Branches:
Dungeon (3/15)

Altars:
Elyvilon
Zin

Annotations:
D:3 Sigmund


Innate Abilities, Weirdness & Mutations

Your are under a permanent stasis effect.
You can dig through walls and to a lower floor.
Your four strong arms can wield two-handed weapons with a shield.
You have a pair of large antennae on your head (SInv).


Message History

Read which item? (? for menu, Esc to quit)
As you read the scroll labeled DIULAN CLUAMI, it crumbles to dust.
You feel a strange sense of stasis.
It was a scroll of blinking.
You are feeling very hungry.
The orc hits you but does no damage.
You hit the orc.
The orc is severely wounded.
The orc hits you but does no damage.
You barely miss the orc.
The orc is severely wounded.
The orc shouts!
You hit the orc.
The orc explodes!
The fiery explosion engulfs the orc priest.
The orc priest explodes!
The fiery explosion engulfs the goblin.
The goblin explodes!
The fiery explosion engulfs you!
Ouch! That really hurt!
You die...

...###.###.#
##....#
........o...#
#....#
o...###%##.{.....
#...#. o #%#
...... ##..#. .
#§##{ h... #..#.
#{. #§#.. h..
...+. @ #.# #§#.#
# .#..#. #.###.#
#§#{# #.##.#.
#.....# #@#.#
######+##...
#.....#
#.#.###.......#..#
#.....#
#.#.##........##..
#(g...#
#.#.##......^.##..
#....$#
#.#...........# #.
#.#
#.#...........# #.
#.#
#....#........###.
#.#
######.######....#
###.# #.# #....#


You could see an orc.

Vanquished Creatures
  An orc priest (D:3)
  Jessica (D:3)
  5 adders
  A worm (D:2)
  6 bats
  2 giant cockroaches
  14 goblins
  9 hobgoblins
  5 jackals
  A ball python (D:2)
  2 giant geckos
  3 giant newts
  3 kobolds
  6 rats
59 creatures vanquished.

Notes
Turn   | Place    | Note
--------------------------------------------------------------
     0 | D:1      | HungrySpirit, the Formicid Air Elementalist, began the quest for the Orb.
     0 | D:1      | Reached XP level 1. HP: 13/13 MP: 3/3
   298 | D:1      | Reached skill level 1 in Polearms
   298 | D:1      | Reached XP level 2. HP: 14/20 MP: 5/5
   343 | D:1      | Reached skill level 1 in Fighting
   538 | D:1      | Reached XP level 3. HP: 18/26 MP: 7/7
  1264 | D:2      | Reached XP level 4. HP: 33/33 MP: 8/8
  1567 | D:2      | Reached skill level 3 in Polearms
  1821 | D:2      | Found a glowing silver altar of Zin.
  1821 | D:2      | Found a white marble altar of Elyvilon.
  2019 | D:3      | Noticed Sigmund
  2172 | D:3      | Noticed Jessica
  2194 | D:3      | Killed Jessica
  2194 | D:3      | Reached XP level 5. HP: 23/38 MP: 11/11
  2400 | D:3      | Reached skill level 4 in Polearms
  2417 | D:3      | Killed from afar by an orc

Action                   |  1- 3 |  4- 6 || total
-------------------------+-------+-------++-------
Melee: Spear             |   106 |   129 ||   235
       Unarmed           |     7 |       ||     7
  Use: Scroll            |     2 |     3 ||     5
       Potion            |       |     1 ||     1
 Stab: Sleeping          |       |     6 ||     6
